 Dungeon Crawl Stone Soup version 0.21.1-1-g345015f (webtiles) character file.

1706 ciel the Skirmisher (level 8, -1/71 HPs)
             Began as a Minotaur Fighter on Mar 1, 2018.
             Was a Follower of Cheibriados.
             Slain by a two-headed ogre
             ... wielding a +0 giant club
              (11 damage)
             ... on level 6 of the Dungeon.
             The game lasted 00:06:53 (5500 turns).

ciel the Skirmisher (Minotaur Fighter)              Turns: 5500, Time: 00:06:53

Health: -1/71      AC:  9    Str: 24    XL:     8   Next: 73%
Magic:  9/9        EV:  9    Int:  7    God:    Cheibriados [*.....]
Gold:   305        SH: 11    Dex: 13    Spells: 7/7 levels left

rFire    . . .     SeeInvis .   B - +0 scimitar
rCold    . . .     Gourm    .   c - +0 shield
rNeg     . . .     Faith    .   e - +0 chain mail
rPois    +         Spirit   .   (helmet restricted)
rElec    .         Reflect  .   (no cloak)
rCorr    +         Harm     .   r - +0 pair of gloves
MR       .....                  a - +0 pair of boots
Stlth    ..........             l - amulet of regeneration
HPRegen  0.61/turn              h - ring of poison resistance
MPRegen  0.11/turn              g - ring of resist corrosion

@: about to teleport, very slow
A: retaliatory headbutt, horns 2, deformed body, mutation resistance 1
a: Bend Time, Renounce Religion


You were on level 6 of the Dungeon.
You worshipped Cheibriados.
Cheibriados was aware of your devotion.
You were not hungry.

You visited 2 branches of the dungeon, and saw 7 of its levels.

You collected 305 gold pieces.

Inventory:

Hand Weapons
 B - a +0 scimitar (weapon)
Missiles
 d - 38 bolts
 i - 164 stones (quivered)
 m - 43 sling bullets
 n - 87 arrows
 t - 2 throwing nets
 w - 58 poisoned needles
Armour
 a - a +0 pair of boots (worn)
 c - a +0 shield (worn)
 e - a +0 chain mail (worn)
 r - a +0 pair of gloves (worn)
Magical Staves
 C - an uncursed staff of energy {unknown}
Jewellery
 g - a ring of resist corrosion (right hand)
 h - a ring of poison resistance (left hand)
 l - an amulet of regeneration (around neck)
Scrolls
 o - 2 scrolls of remove curse
 p - 4 scrolls of amnesia
 s - a scroll of silence {unknown}
 A - a scroll of fear {unknown}
Potions
 b - a potion of curing
 j - 2 potions of haste
 v - a potion of flight
Books
 y - a book of Misfortune

   Spells                             Type                      Level
   a - Confusing Touch                Hexes                        1
   b - Confuse                        Hexes                        3
   c - Gell's Gravitas                Translocation                3
   d - Petrify                        Transmutation/Earth          4
   e - Metabolic Englaciation         Hexes/Ice                    5
   f - Yara's Violent Unravelling     Hexes/Transmutation          5
Comestibles
 f - 7 rations
 z - a chunk of flesh


   Skills:
 + Level 6.8 Fighting
 + Level 6.1 Long Blades
 + Level 6.7 Armour
 + Level 5.0 Dodging
 + Level 6.7 Shields
 + Level 3.0 Invocations


You had 7 spell levels left.
You didn't know any spells.

Dungeon Overview and Level Annotations

Branches:
Dungeon (6/15)             Temple (1/1) D:4

Altars:
Ashenzari
Cheibriados
Dithmenos
Elyvilon
Fedhas
Gozag
Hepliaklqana
Kikubaaqudgha
Nemelex Xobeh
Okawaru
Qazlal
Ru
Sif Muna
Trog
Uskayaw
Vehumet
Wu Jian
Xom
Yredelemnul
Zin
The Shining One

Annotations:
D:3 2 transporters


Innate Abilities, Weirdness & Mutations

You reflexively headbutt those who attack you in melee.
You have a pair of horns on your head.
Armour fits poorly on your strangely shaped body.
You are somewhat resistant to further mutation.


Message History

The two-headed ogre is lightly wounded.
The two-headed ogre hits you with a giant club!!
You block the two-headed ogre's attack.
You are too injured to fight recklessly!
You are too injured to fight recklessly!
You are too injured to fight recklessly!
You feel much better.
You block the two-headed ogre's attack. x2
Okay, then.
It was a potion of mutation.
You feel extremely strange.
Your body twists and deforms.
You feel genetically stable.
The two-headed ogre hits you with a giant club!
The two-headed ogre hits you with a giant club!!
It was a potion of magic.
Magic courses through your body.
The two-headed ogre hits you with a giant club!!
The two-headed ogre misses you.
You feel much better.
As you read the scroll of teleportation, it crumbles to dust.
You feel strangely unstable.
The two-headed ogre hits you with a giant club! x2
You die...

#.#####.###.## ####.# #.# #.#
### #.# #.#####.# #.# #.#
#.......## ###.### ##+#
#........# ......# ##...#
#.#.#.##.# .##.#.# ##..>..##
#.#...##.# .#....# #.......##
##.###.##.#
.#....###....?^O..####...##.##.#
........+.......@..............#
......###..........###...##.####
..#.#<# #.......#.# ##..##.#
..###.# ##.....##.# #......#
......# ##...# #.# #.#.####
#.##### ##+# #.# #.#.# #.#### .#
#.###.#.# .....########.#
#.......#
#.##..........########.###


You could see a two-headed ogre.

Vanquished Creatures
  The ghost of Serooblart the Skirmisher, an amateur MiBe of Trog (D:4)
  Grinder (D:3)
  A black bear (D:4)
  An orc warrior (D:5)
  An ice beast (D:5)
  An ogre (D:5)
  2 centaurs (D:5)
  A bullfrog (D:4)
  The ghost of Kiryusha the Magician, an amateur DEIE of Vehumet (D:3)
  Blork the orc (D:5)
  A scorpion (D:4)
  A howler monkey (D:5)
  A centaur zombie (D:6)
  3 orc priests
  3 worker ants
  A hound skeleton (D:4)
  7 gnolls (D:4)
  8 adders
  A shadow imp (D:5)
  4 dart slugs
  8 worms
  4 leopard geckos
  7 orcs
  9 bats
  3 giant cockroaches
  5 goblins
  10 hobgoblins
  2 jackals (D:2)
  A quokka (D:2)
  2 ball pythons
  9 kobolds
  5 rats
106 creatures vanquished.

Notes
Turn   | Place    | Note
-------+----------+-------------------------------------------
     0 | D:1      | ciel the Minotaur Fighter began the quest for the Orb.
     0 | D:1      | Reached XP level 1. HP: 19/19 MP: 0/0
   268 | D:1      | Reached XP level 2. HP: 27/27 MP: 1/1
   767 | D:2      | Reached skill level 1 in Dodging
  1000 | D:2      | Reached XP level 3. HP: 33/33 MP: 2/2
  1840 | D:3      | Reached XP level 4. HP: 39/40 MP: 3/3
  2200 | D:3      | Noticed Grinder
  2214 | D:3      | Paralysed by Grinder for 6 turns
  2221 | D:3      | Paralysed by Grinder for 4 turns
  2225 | D:3      | Killed Grinder
  2225 | D:3      | Reached skill level 5 in Armour
  2225 | D:3      | Reached skill level 5 in Shields
  2225 | D:3      | Reached XP level 5. HP: 44/47 MP: 4/4
  2225 | D:3      | Reached XP level 6. HP: 52/55 MP: 5/5
  2597 | D:3      | Found a transporter.
  2614 | D:3      | Noticed Kiryusha's ghost (amateur DEIE)
  2934 | D:3      | Reached skill level 5 in Fighting
  2947 | D:3      | Found a transporter.
  3075 | D:3      | Killed Kiryusha's ghost
  3405 | D:4      | Found a staircase to the Ecumenical Temple.
  3426 | D:4      | Reached XP level 7. HP: 43/61 MP: 6/6
  3521 | Temple   | Entered the Ecumenical Temple
  3615 | Temple   | Became a worshipper of Cheibriados the Contemplative
  3628 | D:4      | Noticed Serooblart's ghost (amateur MiBe)
  3640 | D:4      | Killed Serooblart's ghost
  3640 | D:4      | Reached skill level 5 in Long Blades
  3640 | D:4      | Reached skill level 1 in Invocations
  4416 | D:5      | Entered Level 5 of the Dungeon
  4416 | D:5      | Noticed Blork the orc
  4487 | D:5      | Reached XP level 8. HP: 65/70 MP: 8/8
  4647 | D:5      | Killed Blork the orc
  4647 | D:5      | Reached * piety under Cheibriados
  5403 | D:6      | Reached skill level 5 in Dodging
  5491 | D:6      | Noticed a two-headed ogre
  5497 | D:6      | Gained mutation: Armour fits poorly on your strangely shaped body. [potion of mutation]
  5497 | D:6      | Gained mutation: You are somewhat resistant to further mutation. [potion of mutation]
  5500 | D:6      | Slain by a two-headed ogre

Skill      XL: |  1  2  3  4  5  6  7  8 |
---------------+-------------------------+-----
Dodging        | 1 2 3 4 5 |  5.0
Armour         | 4 5 6 |  6.7
Shields        | 4 5 6 |  6.7
Fighting       | 4 5 6 |  6.8
Long Blades    | 3 4 5 6 |  6.1
Invocations    | 1 3 |  3.0

Action                   |  1- 3 |  4- 6 |  7- 9 || total
-------------------------+-------+-------+-------++-------
Melee: Long sword        |    91 |   133 |    98 ||   322
       Headbutt          |    15 |    25 |    38 ||    78
       Scimitar          |       |       |    27 ||    27
  Use: Potion            |       |     5 |     4 ||     9
       Scroll            |       |     5 |     8 ||    13
  Eat: Chunk             |     3 |     3 |     5 ||    11
       Ration            |       |     1 |       ||     1
Armor: Scale mail        |    42 |    53 |       ||    95
       Chain mail        |       |    14 |    41 ||    55
Dodge: Dodged            |    30 |    47 |    35 ||   112
Block: Shield            |    62 |    62 |    70 ||   194
       Rpst.: Long sword |     5 |     6 |     6 ||    17
       Scimitar          |       |       |     1 ||     1
